 Dungeon Sprint DCSS version 0.14-a0-519-g334afa2 (webtiles) character file.

3801 HungrySpirit the Severer (level 9, -1/85 HPs)
             Began as a Minotaur Fighter on Nov 2, 2013.
             Was an Elder of Okawaru.
             Slain by a merfolk impaler
             ... wielding a +0,+7 demon trident of electrocution
              (24 damage)
             ... in the Dungeon (Sprint VII: "The Pits").
             The game lasted 00:04:57 (1787 turns).

HungrySpirit the Severer (Minotaur Fighter)         Turns: 1787, Time: 00:04:58

HP  -1/85        AC 13     Str 24      XL: 9   Next: 96%
MP   2/3         EV 11     Int  5      God: Okawaru [****..]
Gold 0           SH 29     Dex 10      Spells:  0 memorised,  8 levels left

Res.Fire  : . . .   See Invis. : .   y - +2,+0 broad axe (freeze)
Res.Cold  : . . .   Warding    : .   a - +3 ring mail
Life Prot.: . . .   Conserve   : .   c - +0 shield
Res.Poison: .       Res.Corr.  : .   (helmet restricted)
Res.Elec. : .       Clarity    : .   (no cloak)
Sust.Abil.: . .     Spirit.Shd : .   (no gloves)
Res.Mut.  : .       Prev.Telep.: +   k - +0 pair of boots
Res.Rott. : .       Flight     : .   (no amulet)
Saprovore : . . .                    (no ring)
                                     (no ring)

@: invisible, heroism, slightly resistant to hostile enchantments, unstealthy
A: retaliatory headbutt, horns 2
a: Heroism, Renounce Religion


You were in the Dungeon.
You worshipped Okawaru.
Okawaru was greatly pleased with you.
You were not hungry.

You visited 1 branch

Inventory:

Hand weapons
 y - a +2,+0 broad axe of freezing (weapon)
Armour
 a - a +3 ring mail (worn)
 c - a +0 shield (worn)
 k - a +0 pair of boots (worn)
Magical devices
 z - a wand of confusion (8) {unknown}
Comestibles
 b - 40 strawberries
 d - 8 bread rations
 l - 6 meat rations
Scrolls
 j - 2 scrolls of blinking
 n - 2 scrolls of vulnerability
 o - 3 scrolls of remove curse
 p - 5 scrolls of amnesia
 q - a scroll of summoning
Jewellery
 r - a +3 ring of protection
 w - a +3 ring of strength
Potions
 e - 4 potions of curing
 f - 7 potions of heal wounds
 g - a potion of speed
 h - 4 potions of magic
 i - a potion of berserk rage
 s - a potion of might
 t - 3 potions of agility
 u - a potion of restore abilities
 v - a potion of brilliance
 x - a potion of cure mutation


   Skills:
 - Level 14.6(19.6) Fighting
 + Level 17.1(22.1) Axes
 + Level 11.1(16.1) Armour
 + Level 11.1(16.1) Shields


You had 8 spell levels left.
You didn't know any spells.

Dungeon Overview and Level Annotations

Branches:
Dungeon (1/1)

Altars:
Ashenzari
Cheibriados
Elyvilon
Fedhas
Kikubaaqudgha
Makhleb
Nemelex Xobeh
Okawaru
Sif Muna
Trog
Vehumet
Xom
Yredelemnul
Zin
the Shining One
Beogh
Jiyva
Lugonu


Innate Abilities, Weirdness & Mutations

You reflexively headbutt those who attack you in melee.
You have a pair of horns on your head.


Message History

The merfolk is severely wounded.
The merfolk hits you with a trident!
* * * LOW HITPOINT WARNING * * *
The merfolk impaler hits you but does no damage.
You block the merfolk's attack.
A guardian mummy comes into view.
A merfolk comes into view. It is wielding a glaive.
Drink which item? (? for menu, Esc to quit)
You feel much better.
The merfolk shouts!
The merfolk impaler hits you from afar with a glowing demon trident!
Drink which item? (? for menu, Esc to quit)
You fade into invisibility!
The merfolk impaler hits you from afar with a glowing demon trident!
* * * LOW HITPOINT WARNING * * *
The merfolk throws a throwing net.
The throwing net misses the merfolk impaler.
The throwing net misses you.
The merfolk impaler hits you from afar with a glowing demon trident!
You die...

##..#..#####.##
##..#....##...#
##.%).....#...# #
##..'.....'...+ B+
##..'.....#...# .#
##..#....##...# ..#
##..#..#####.## #M##
##..####...#%######m..#
##..##.....(%)))@.mm#
##..#..............##
####################


You could see a merfolk impaler and 2 merfolk.

Vanquished Creatures
  A cyclops (D)
  A raven (D)
  4 blink frogs (D)
  A grizzly bear (D)
  A redback (D)
  A metal gargoyle (D)
  A hippogriff (D)
  A deep elf fighter (D)
  Grum (D)
  3 merfolk (D)
  4 wolves (D)
  2 porcupines (D)
  An ogre (D)
  A rotting devil (D)
  A giant slug (D)
  A giant frog (D)
  Blork the orc (D)
  A water moccasin (D)
  A fire bat (D)
  A jelly (D)
  2 adders (D)
  A giant centipede (D)
  A giant mite (D)
  2 giant eyeballs (D)
  A giant gecko (D)
  An orc (D)
  2 goblins (D)
  2 jackals (D)
  2 bats (D)
  A kobold (D)
44 creatures vanquished.

Notes
Turn   | Place    | Note
--------------------------------------------------------------
     0 | D        | HungrySpirit, the Minotaur Fighter, began the quest for the Orb.
     0 | D        | Reached XP level 1. HP: 19/19 MP: 0/0
    12 | D        | Reached skill level 4 in Fighting
    28 | D        | Reached skill level 5 in Fighting
    28 | D        | Reached XP level 2. HP: 27/27 MP: 0/0
   250 | D        | Noticed a fire bat
   251 | D        | Reached skill level 5 in Axes
   255 | D        | Killed a fire bat
   255 | D        | Reached skill level 7 in Fighting
   255 | D        | Reached XP level 3. HP: 12/34 MP: 1/1
   256 | D        | Reached XP level 4. HP: 13/41 MP: 1/1
   626 | D        | Found a deep blue altar of Sif Muna.
   626 | D        | Found a burning altar of Makhleb.
   626 | D        | Found an ancient bone altar of Kikubaaqudgha.
   626 | D        | Found a glowing silver altar of Zin.
   626 | D        | Found a basalt altar of Yredelemnul.
   626 | D        | Found a glowing golden altar of the Shining One.
   627 | D        | Found an iron altar of Okawaru.
   627 | D        | Found a roughly hewn altar of Beogh.
   627 | D        | Found a viscous altar of Jiyva.
   627 | D        | Found a corrupted altar of Lugonu.
   627 | D        | Found a sparkling altar of Nemelex Xobeh.
   627 | D        | Found a shimmering altar of Xom.
   627 | D        | Found a radiant altar of Vehumet.
   627 | D        | Found a blossoming altar of Fedhas.
   627 | D        | Found a snail-covered altar of Cheibriados.
   627 | D        | Found a white marble altar of Elyvilon.
   627 | D        | Found a bloodstained altar of Trog.
   627 | D        | Found a shattered altar of Ashenzari.
   634 | D        | Became a worshipper of Warmaster Okawaru
   659 | D        | Noticed a deep elf fighter
   661 | D        | Noticed a porcupine
   672 | D        | Killed a porcupine
   672 | D        | Reached skill level 10 in Fighting
   672 | D        | Reached XP level 5. HP: 14/50 MP: 1/1
   682 | D        | Killed a deep elf fighter
   682 | D        | Reached skill level 11 in Fighting
   682 | D        | Reached XP level 6. HP: 11/59 MP: 2/2
   685 | D        | Acquired Okawaru's first power
   877 | D        | Noticed a giant frog
   881 | D        | Killed a giant frog
   881 | D        | Reached skill level 12 in Fighting
   935 | D        | Noticed a metal gargoyle
   947 | D        | Killed a metal gargoyle
   947 | D        | Reached XP level 7. HP: 49/68 MP: 2/2
  1058 | D        | Noticed a porcupine
  1058 | D        | Noticed a grizzly bear
  1059 | D        | Noticed a redback
  1067 | D        | Killed a porcupine
  1067 | D        | Reached skill level 13 in Fighting
  1247 | D        | Killed a grizzly bear
  1247 | D        | Reached skill level 14 in Fighting
  1437 | D        | Killed a redback
  1472 | D        | Noticed a jelly
  1472 | D        | Noticed a rotting devil
  1478 | D        | Killed a rotting devil
  1478 | D        | Reached XP level 8. HP: 74/78 MP: 2/2
  1491 | D        | Killed a jelly
  1605 | D        | Noticed Grum
  1605 | D        | Noticed a wolf
  1605 | D        | Noticed a wolf
  1605 | D        | Noticed Blork the orc
  1605 | D        | Noticed an ogre
  1606 | D        | Noticed a wolf
  1606 | D        | Noticed a wolf
  1611 | D        | Killed a wolf
  1611 | D        | Killed a wolf
  1611 | D        | Reached skill level 5 in Armour
  1611 | D        | Reached skill level 5 in Shields
  1612 | D        | Killed an ogre
  1612 | D        | Killed a wolf
  1612 | D        | Reached skill level 15 in Axes
  1617 | D        | Killed Grum
  1622 | D        | Killed a wolf
  1625 | D        | Killed Blork the orc
  1699 | D        | Noticed a blink frog
  1699 | D        | Noticed a blink frog
  1700 | D        | Noticed a blink frog
  1700 | D        | Noticed a blink frog
  1702 | D        | Noticed a giant slug
  1704 | D        | Killed a blink frog
  1704 | D        | Reached XP level 9. HP: 85/85 MP: 3/3
  1705 | D        | Killed a blink frog
  1710 | D        | Killed a blink frog
  1710 | D        | Reached skill level 16 in Axes
  1712 | D        | Noticed a raven
  1713 | D        | Killed a blink frog
  1715 | D        | Noticed a hippogriff
  1722 | D        | Killed a raven
  1724 | D        | Noticed a water moccasin
  1731 | D        | Killed a hippogriff
  1731 | D        | Reached skill level 10 in Armour
  1731 | D        | Reached skill level 10 in Shields
  1732 | D        | Noticed a cyclops
  1733 | D        | Noticed a merfolk
  1739 | D        | Killed a water moccasin
  1744 | D        | Killed a merfolk
  1748 | D        | Noticed a merfolk
  1749 | D        | Killed a giant slug
  1755 | D        | Killed a cyclops
  1760 | D        | Noticed a merfolk
  1762 | D        | Killed a merfolk
  1762 | D        | Reached skill level 17 in Axes
  1769 | D        | Killed a merfolk
  1778 | D        | Noticed a merfolk
  1783 | D        | Noticed a goliath beetle
  1783 | D        | Noticed a merfolk impaler
  1785 | D        | Noticed a guardian mummy
  1786 | D        | Noticed a merfolk
  1787 | D        | Slain by a merfolk impaler

Action                   |  1- 3 |  4- 6 |  7- 9 || total
-------------------------+-------+-------+-------++-------
Melee: Hand axe          |    20 |    38 |    46 ||   104
       Broad axe         |       |       |    80 ||    80
Invok: Heroism           |       |       |     2 ||     2
  Use: Potion            |     1 |     2 |     6 ||     9
 Stab: Invisible         |       |       |     3 ||     3
